 Dungeon Crawl Stone Soup version 0.28-a0-938-gbc3f381ebc (webtiles) character file.

Game seed: 9318637585635461740

67 fragbeetle the Insei (level 4, -2/34 HPs)
             Began as a Gnoll Transmuter on Nov 29, 2021.
             Slain by a gnoll (12 damage)
             ... on level 5 of the Dungeon.
             The game lasted 00:15:33 (1888 turns).

fragbeetle the Insei (Gnoll Transmuter)             Turns: 1888, Time: 00:15:35

Health: -2/34      AC:  8    Str: 10    XL:     4   Next: 18%
Magic:  10/11      EV:  9    Int: 12    God:
Gold:   112        SH:  0    Dex: 13    Spells: 12/13 levels left

rFire   . . .      SeeInvis .     - Unarmed
rCold   . . .      Faith    .   (no shield)
rNeg    . . .      Spirit   .   f - +0 scale mail
rPois   .          Reflect  .   (helmet currently unavailable)
rElec   .          Harm     .   (no cloak)
rCorr   +          Rampage  .   t - +1 pair of gloves
Will    .....                   (boots currently unavailable)
Stlth   ..........              (no amulet)
HPRegen 0.11/turn               E - ring of resist corrosion
MPRegen 0.12/turn               (no ring)

@: appendages (expiring)
A: horns 2, talons 2, fangs 1, strong nose, distributed training
a: End Transformation


You were on level 5 of the Dungeon.
You had temporarily grown beastly horns and talons.
You visited 1 branch of the dungeon, and saw 4 of its levels.

You collected 112 gold pieces.

Inventory:

Hand Weapons
 c - a +0 spear
 k - a +0 dagger of pain
 o - a +0 mace
 u - a +0 hand axe
 D - a +0 long sword
Missiles
 e - 84 stones
 g - 10 sling bullets
 i - 15 arrows
 x - 18 bolts
Armour
 a - a +0 robe
 b - a +0 leather armour
 d - a +0 robe
 f - a +0 scale mail (worn)
 r - a +0 ring mail
 t - a +1 pair of gloves (worn)
 w - a +0 helmet
Magical Staves
 p - a staff of earth
Jewellery
 E - a ring of resist corrosion (left hand)
Wands
 C - a wand of charming (9)
Scrolls
 j - a scroll of magic mapping
 m - a scroll of noise {unknown}
 n - a scroll of vulnerability {unknown}
 q - a scroll of teleportation {unknown}
 y - a scroll of fog {unknown}
 B - a scroll of identify {unknown}
Potions
 h - a potion of lignification {unknown}
 l - 2 potions of curing {unknown}
 s - a potion of degeneration {unknown}
 v - a potion of flight {unknown}
 z - 2 potions of mutation {unknown}
 A - 2 potions of heal wounds {unknown}


   Skills:
 + Level 2.7 Fighting
 + Level 1.0 Short Blades
 + Level 1.0 Long Blades
 + Level 1.0 Axes
 + Level 1.0 Maces & Flails
 + Level 1.0 Polearms
 + Level 1.0 Staves
 + Level 1.0 Slings
 + Level 1.0 Bows
 + Level 1.0 Crossbows
 + Level 1.0 Throwing
 + Level 1.0 Armour
 + Level 4.6 Dodging
 + Level 1.0 Stealth
 + Level 1.0 Shields
 + Level 6.6 Unarmed Combat
 + Level 5.0 Spellcasting
 + Level 0.8 Conjurations
 + Level 0.8 Hexes
 + Level 0.8 Summonings
 + Level 0.8 Necromancy
 + Level 0.8 Translocations
 + Level 3.8 Transmutations
 + Level 0.8 Fire Magic
 + Level 0.8 Ice Magic
 + Level 0.8 Air Magic
 + Level 0.8 Earth Magic
 + Level 0.8 Poison Magic
 + Level 1.1 Invocations
 + Level 1.0 Evocations


You had 12 spell levels left.
You knew the following spells:

 Your Spells              Type           Power      Damage    Failure   Level
a - Beastly Appendage     Tmut           24%        N/A       28%         1

Your spell library contained the following spells:

 Spells                   Type           Power      Damage    Failure   Level
 Wereblood                Tmut           12%        N/A       41%         2
 Spider Form              Tmut/Pois      8%         N/A       85%         3
 Ice Form                 Ice/Tmut       8%         N/A       99%         4


Dungeon Overview and Level Annotations

Branches:
Dungeon (3/15)

Altars:


Innate Abilities, Weirdness & Mutations

You have temporarily grown beastly horns and talons.
You have very sharp teeth.
Your uncanny sense of smell can sniff out nearby items.
Your experience applies equally to all skills.


Message History

Nothing appears to happen.
Casting: Beastly Appendage (safe; 28% risk of failure)
Confirm with . or Enter, or press ? or * to list all spells.
You grow a pair of large bovine horns.
Your feet morph into talons.
The gnoll shouts!
The gnoll hits you but does no damage.
Your transformation is almost over.
The gnoll misses you.
A gnoll comes into view. It is wielding a +0 flail.
The gnoll barely misses you.
The gnoll shouts!
You hit the gnoll but do no damage. Your kick misses the gnoll.
The gnoll hits you but does no damage.
You hit the gnoll. Your kick misses the gnoll.
The gnoll is lightly wounded.
The gnoll barely misses you.
You hit the gnoll.
The gnoll is heavily wounded.
The gnoll hits you with a +2 halberd of protection.
The gnoll hits you from afar with a +2 vampiric spear.
You hit the gnoll but do no damage.
The gnoll is heavily wounded.
The gnoll hits you but does no damage.
The gnoll hits you from afar with a +2 vampiric spear!
Your magical contamination has completely faded away.
You closely miss the gnoll. Your kick misses the gnoll.
Your bite misses the gnoll.
The gnoll is heavily wounded.
The gnoll hits you with a +2 halberd of protection.
The gnoll completely misses you.
You hit the gnoll but do no damage. Your kick misses the gnoll.
The gnoll is heavily wounded.
The gnoll closely misses you.
You hit the gnoll but do no damage. Your kick misses the gnoll.
You bite the gnoll, but do no damage.
The gnoll is heavily wounded.
The gnoll hits you from afar with a +2 vampiric spear!
* * * LOW HITPOINT WARNING * * *
The gnoll hits you with a +2 halberd of protection!
You die...

.............#
#...#.#.#.#
#.#....#.#
#......#.#
###......#
#g.###.#
.######g## #.#
.......g# .#
#######@## #.#
...####..###.#
............#
##.#####.#.##
..........#
#.#####.###
........#
..#######


You could see 3 gnolls.

Vanquished Creatures
  An adder (D:2)
  2 dart slugs
  4 ball pythons
  2 bats (D:1)
  5 endoplasms
  6 giant cockroaches
  6 goblins
  4 hobgoblins
  3 jackals (D:1)
  2 quokkas
  6 frilled lizards
  4 kobolds (D:1)
  4 rats
49 creatures vanquished.

Notes
Turn   | Place    | Note
-------+----------+-------------------------------------------
     0 | D:1      | fragbeetle the Gnoll Transmuter began the quest for the
                  | Orb.
     0 | D:1      | Reached XP level 1. HP: 17/17 MP: 6/6
   189 | D:1      | Reached XP level 2. HP: 20/23 MP: 5/7
   539 | D:1      | Reached XP level 3. HP: 28/28 MP: 9/9
   576 | D:1      | Reached skill level 5 in Spellcasting
  1014 | D:2      | Reached skill level 1 in Invocations
  1245 | D:2      | Reached skill level 1 in Short Blades
  1245 | D:2      | Reached skill level 1 in Long Blades
  1245 | D:2      | Reached skill level 1 in Axes
  1245 | D:2      | Reached skill level 1 in Maces & Flails
  1245 | D:2      | Reached skill level 1 in Polearms
  1245 | D:2      | Reached skill level 1 in Staves
  1245 | D:2      | Reached skill level 1 in Slings
  1245 | D:2      | Reached skill level 1 in Bows
  1245 | D:2      | Reached skill level 1 in Crossbows
  1245 | D:2      | Reached skill level 1 in Throwing
  1245 | D:2      | Reached skill level 1 in Armour
  1245 | D:2      | Reached skill level 1 in Stealth
  1245 | D:2      | Reached skill level 1 in Shields
  1245 | D:2      | Reached skill level 1 in Evocations
  1464 | D:3      | Reached XP level 4. HP: 34/34 MP: 9/11
  1842 | D:5      | Entered Level 5 of the Dungeon
  1888 | D:5      | Slain by a gnoll

Illustrated notes

Levels and vault maps discovered:
D:1:      dpeg_arrival_radiant, layout_basic, grunt_decor_cap
D:2:      layout_loops_corners, minmay_pentomino_p2
D:3:      layout_basic
D:5:      layout_loops_ring, minmay_misc_feat_columns

Skill      XL: |  1  2  3 |
---------------+----------+-----
Spellcasting   | 5 |  5.0
Invocations    | 1 |  1.1
Short Blades   | 1 |  1.0
Long Blades    | 1 |  1.0
Axes           | 1 |  1.0
Maces & Flails | 1 |  1.0
Polearms       | 1 |  1.0
Staves         | 1 |  1.0
Slings         | 1 |  1.0
Bows           | 1 |  1.0
Crossbows      | 1 |  1.0
Throwing       | 1 |  1.0
Armour         | 1 |  1.0
Stealth        | 1 |  1.0
Shields        | 1 |  1.0
Evocations     | 1 |  1.0
Fighting       | |  2.7
Dodging        | |  4.6
Unarmed Combat | |  6.6
Conjurations   | |  0.8
Hexes          | |  0.8
Summonings     | |  0.8
Necromancy     | |  0.8
Translocations | |  0.8
Transmutations | |  3.8
Fire Magic     | |  0.8
Ice Magic      | |  0.8
Air Magic      | |  0.8
Earth Magic    | |  0.8
Poison Magic   | |  0.8

Action                   |  1- 3 |  4- 6 || total
-------------------------+-------+-------++-------
Melee: Unarmed           |   107 |    25 ||   132
       Kick              |     8 |     2 ||    10
       Headbutt          |     7 |     1 ||     8
       Bite              |     5 |     2 ||     7
 Cast: Beastly Appendage |    22 |     6 ||    28
  Use: Scroll            |     1 |       ||     1
Armor: Scale mail        |    38 |    11 ||    49
Dodge: Dodged            |    53 |    12 ||    65

Table legend: (Time is in decaauts)
 A = Elapsed time spent in this place.
 B = Non-inter-level travel time spent in this place.
 C = Inter-level travel time spent in this place.
 D = Time resting spent in this place.
 E = Time spent auto-exploring this place.
 F = Levels seen in this place.
 G = Mean time per level.
                   A        B        C        D        E       F      G
               +--------+--------+--------+--------+--------+-----+--------+
         Total |   1873 |   1873 |      0 |      0 |    219 |   4 |  468.2 |
       Dungeon |   1873 |   1873 |      0 |      0 |    219 |   4 |  468.2 |
               +--------+--------+--------+--------+--------+-----+--------+

Top non-repeatable levels by time:
     D:1: 792 daAuts
     D:2: 608 daAuts
     D:3: 428 daAuts
     D:5: 44 daAuts
